 Dungeon Crawl Stone Soup version 0.19.1-1-g22dce08 (webtiles) character file.

52 Alarkh the Conjurer (level 3, 0/24 HPs)
             Began as a Mummy Conjurer on Jan 15, 2017.
             Slain by a killer bee (7 damage)
             ... on level 2 of the Dungeon.
             The game lasted 00:02:08 (1753 turns).

Alarkh the Conjurer (Mummy Conjurer)                Turns: 1753, Time: 00:02:09

Health: 0/24       AC:  4    Str: 11    XL:     3   Next: 60%
Magic:  0/7        EV: 12    Int: 15    God:
Gold:   191        SH:  0    Dex: 12    Spells: 2 memorised, 5 levels left

rFire  x . .     SeeInvis .     e - +0 hand axe
rCold  + + .     Gourm    .     a - +0 robe
rNeg   + + +     Faith    .     (no shield)
rPois  ∞         Spirit   .     (no helmet)
rElec  .         Reflect  .     (no cloak)
rCorr  .         Harm     .     (no gloves)
MR     .....     Rnd*Tele +     g - +1 pair of boots
Stlth  ++........               (no amulet)
                                j - ring of protection from cold
                                d - ring of teleportation (curse)

@: no status effects
A: no food or potions, fire vulnerability, cold resistance 1, negative energy
resistance 3, torment resistance, unbreathing
a: no special abilities


You were on level 2 of the Dungeon.
You were not hungry.

You visited 1 branch of the dungeon, and saw 3 of its levels.

You collected 191 gold pieces.

Inventory:

Hand Weapons
 e - a +0 hand axe (weapon)
Armour
 a - a +0 robe (worn)
 g - a +1 pair of boots (worn)
Jewellery
 d - a cursed ring of teleportation (left hand)
 j - a ring of protection from cold (right hand)
Scrolls
 f - a scroll of magic mapping {unknown}
 h - a scroll of remove curse {unknown}
 i - a scroll of teleportation {unknown}
 k - a scroll of identify {unknown}
 l - a scroll of enchant weapon {unknown}
 m - a scroll of amnesia {unknown}
Books
 b - a book of Conjurations

   Spells                             Type                      Level
   a - Magic Dart                     Conjuration                  1
   b - Searing Ray                    Conjuration                  2
   c - Dazzling Spray                 Conjuration/Hexes            3
   d - Fulminant Prism                Conjuration/Hexes            4
   e - Iskenderun's Mystic Blast      Conjuration                  4
   f - Iskenderun's Battlesphere      Conjuration/Charms           5


   Skills:
 - Level 1.5 Dodging
 - Level 1.5 Stealth
 + Level 3.2 Spellcasting
 + Level 3.6 Conjurations


You had 5 spell levels left.
You knew the following spells:

 Your Spells              Type           Power        Failure   Level  Hunger
a - Magic Dart            Conj           ##..         4%          1    N/A
b - Searing Ray           Conj           ##....       8%          2    N/A

Dungeon Overview and Level Annotations

Branches:
Dungeon (3/15)

Altars:

Annotations:
D:3 PeterLawrence's ghost, amateur GrFi


Innate Abilities, Weirdness & Mutations

You do not eat or drink.
Your flesh is vulnerable to fire.
You are immune to poison.
Your flesh is cold resistant. (rC+)
You are immune to negative energy. (rN+++)
You are immune to unholy pain and torment.
You can survive without breathing.


Message History

Aiming: Magic Dart
Press: ? - help, Shift-Dir - straight line, f/p - killer bee
Aim: a killer bee (heavily wounded)
The magic dart hits the killer bee.
The killer bee is heavily wounded.
The killer bee stings you but does no damage.
The killer bee completely misses you.
Casting: Magic Dart
Confirm with . or Enter, or press ? or * to list all spells.
Aiming: Magic Dart
Press: ? - help, Shift-Dir - straight line, f/p - killer bee
Aim: a killer bee (heavily wounded)
The magic dart hits the killer bee.
The killer bee is heavily wounded.
The killer bee closely misses you. The killer bee barely misses you.
As you read the scroll labeled SES QAMERU, it crumbles to dust.
It is a scroll of recharging.
You aren't carrying any rechargeable items.
The killer bee closely misses you. The killer bee stings you!
You die...

##########..# #..# #..#
##..############## #####
#................#
#...######.....#####.####.#
#!#.............####.####.###
#.(>######................<..
##.#### #..@y.......#.##..##
#.##.## #...........#.##..#
#.#.#.######..#....##.##..#
#..#......................##
######.##.##..####.#.#..##.......
.......)..###.# #.#..#.######.##
######.#####(.# #.#.##.# #.##
#..###.#.# #.#.##.# ##.##
#.#.#.##.####.#.##.# #.#..


You could see a killer bee.

Vanquished Creatures
  2 dart slugs
  3 giant cockroaches
  5 goblins
  6 hobgoblins
  6 jackals
  3 kobolds
  A quokka (D:2)
  A ball python (D:1)
  7 bats
  4 frilled lizards
  5 rats
43 creatures vanquished.

Notes
Turn   | Place    | Note
-------+----------+-------------------------------------------
     0 | D:1      | Alarkh the Mummy Conjurer began the quest for the Orb.
     0 | D:1      | Reached XP level 1. HP: 13/13 MP: 3/3
   308 | D:1      | Reached XP level 2. HP: 19/19 MP: 1/5
  1128 | D:2      | Reached XP level 3. HP: 24/24 MP: 3/7
  1695 | D:2      | Learned a level 2 spell: Searing Ray
  1697 | D:3      | Noticed a killer bee
  1697 | D:3      | Noticed a killer bee
  1697 | D:3      | Noticed a killer bee
  1701 | D:3      | Noticed a killer bee
  1703 | D:3      | Noticed PeterLawrence's ghost (amateur GrFi)
  1753 | D:2      | Slain by a killer bee

Skill      XL: |  1  2 |
---------------+-------+-----
Spellcasting   | 3 |  3.2
Dodging        | |  1.5
Stealth        | |  1.5
Conjurations   | |  3.6

Action                   || total
-------------------------++-------
Melee: Unarmed           ||    28
       Hand axe          ||    13
 Cast: Magic Dart        ||    91
  Use: Scroll            ||     1
Armor: Robe              ||    15
Dodge: Dodged            ||    60
